Map: Frost LE

Players

Miszu

  • Race: Terran Terran
  • League: Master

weeaboo - Winner!

  • Race: Zerg Zerg
  • League: Master

VOD

Have the link to the VOD?

Description

Time

  • Played on: June 29, 2016, 2:57 p.m.
  • Length: 16:06
Show
View Real Time Build Order
Export as new Build Order

Miszu Terran 

Build Orders: Reaper Expand 

Get SALT Encoding   

  12  0:01  SCV  
  13  0:13  SCV  
  14  0:17  Supply Depot  
  14  0:25  SCV  
  15  0:38  SCV  
  15  0:40  Barracks  
  16  0:44  Refinery  
  16  0:50  SCV  
  17  1:02  SCV  
  18  1:15  SCV  
  19  1:27  Reaper, Orbital Command  
  20  1:43  Command Center  
  20  1:52  SCV  
  21  1:56  Supply Depot  
  21  2:04  SCV  
  21  2:07  Barracks Reactor  
  21  2:08  Refinery  
  22  2:17  SCV  
  22  2:21  Factory  
  23  2:29  SCV  
  24  2:41  SCV  
  25  2:46  Marine x2  
  27  2:53  SCV  
  28  3:03  Orbital Command  
  28  3:04  Marine x2  
  28  3:05  SCV  
  31  3:07  Supply Depot  
  31  3:09  Starport  
  31  3:10  Factory Reactor  
  31  3:20  SCV  
  31  3:22  Marine x2  
  34  3:28  SCV  
  34  3:32  SCV  
  36  3:40  Marine x2, SCV  
  39  3:44  SCV  
  40  3:53  Medivac  
  40  3:54  Medivac, Widow Mine  
  46  3:58  SCV  
  46  3:59  SCV  
  48  4:03  Supply Depot  
  48  4:08  Command Center  
  48  4:10  SCV  
  48  4:11  SCV  
  48  4:16  Liberator x2  
  50  4:17  Supply Depot  
  50  4:20  Marine x2  
  50  4:22  SCV  
  50  4:23  SCV  
  54  4:34  SCV  
  54  4:35  SCV  
  62  4:39  Refinery  
  62  4:40  Refinery  
  62  4:45  Marine, Factory Tech Lab  
  62  4:46  Marine, SCV  
  62  4:47  SCV  
  66  4:52  Supply Depot  
  66  4:59  SCV x2  
  68  5:11  SCV x2  
  70  5:14  Supply Depot, Siege Tank  
  72  5:23  SCV  
  72  5:33  SCV  
  71  5:37  SCV  
  71  5:41  Orbital Command  
  68  5:45  SCV  
  68  5:46  Siege Tank  
  68  5:49  SCV  
  73  5:52  Engineering Bay, Barracks  
  73  5:53  Engineering Bay, Barracks  
  73  5:57  Marine x2, SCV  
  73  6:01  SCV  
  77  6:10  SCV  
  78  6:11  Barracks  
  78  6:12  Barracks  
  78  6:13  Barracks, SCV  
  78  6:15  Supply Depot  
  78  6:17  Orbital Command  
  78  6:18  Supply Depot  
  79  6:20  Supply Depot  
  79  6:25  SCV  
  80  6:26  SCV  
  80  6:30  Marine x2  
  83  6:37  SCV  
  84  6:43  SCV  
  84  6:47  SCV  
  87  6:49  SCV  
  88  6:54  Terran Infantry Weapons Level 1, Terran Infantry Armor Level 1  
  88  6:55  Barracks Tech Lab x2  
  88  6:56  SCV  
  88  6:59  SCV  
  89  7:01  Supply Depot, Marine x2, SCV  
  89  7:02  Barracks Reactor x3  
  89  7:04  Medivac x2, Siege Tank  
  99  7:08  SCV  
  99  7:11  SCV  
  99  7:15  SCV  
  102  7:19  Marine x2  
  102  7:20  Marine x2, SCV  
  101  7:23  SCV, Combat Shields, Stimpack  
  102  7:30  SCV, Armory  
  102  7:33  SCV  
  102  7:34  Medivac  
  106  7:37  Marine x3  
  106  7:40  Supply Depot  
  106  7:41  Supply Depot x2  
  106  7:42  Marine  
  106  7:43  Marine x5, Marauder  
  117  7:44  Medivac, Siege Tank  
  117  7:49  Refinery x2  
  122  7:55  Marine x2  
  122  7:56  Marine  
  125  8:00  Marine  
  125  8:04  Medivac  
  127  8:11  Bunker  
  127  8:14  Supply Depot, Marine x2  
  127  8:15  Marine x6, Marauder  
  127  8:16  Supply Depot  
  127  8:18  Marine  
  140  8:23  Liberator  
  140  8:24  Liberator  
  140  8:26  Command Center  
  140  8:32  Marine x2  
  140  8:33  Marine x3, Marauder  
  148  8:34  Terran Vehicle Weapons Level 1  
  152  8:45  Supply Depot, Starport  
  152  8:48  Marauder  
  154  8:52  Terran Infantry Armor Level 2, Terran Infantry Weapons Level 2  
  154  8:55  Barracks Tech Lab  
  153  8:59  Marauder  
  153  9:01  Thor  
  159  9:07  Marine x6  
  159  9:09  Marauder  
  164  9:20  Marine, Liberator x2  
  157  9:31  Marine  
  157  9:32  Marine x6, Marauder  
  157  9:38  Marine  
  158  9:49  Marine  
  158  9:50  Marine x6  
  141  9:53  Marine  
  139  10:03  Liberator x2  
  139  10:06  Marine  
  134  10:07  Marine x2  
  134  10:08  Marine x3  
  134  10:10  Starport Reactor  
  139  10:17  Marauder  
  147  10:24  Marine  
  147  10:25  Marauder x2  
  147  10:27  Marine x3  
  147  10:28  Marine  
  156  10:38  Marauder  
  158  10:46  Marauder x2, Liberator  
  158  10:49  Planetary Fortress  
  162  10:54  Thor  
  168  11:01  Marine, Marauder, Liberator  
  168  11:02  Marine x4, Liberator x2  
  177  11:24  Refinery x2  
  172  11:38  Fusion Core  
  172  11:45  Liberator  
  178  12:02  Marauder  
  178  12:03  Marine x6, Marauder x2  
  186  12:17  Terran Infantry Weapons Level 3, Terran Infantry Armor Level 3  
  186  12:23  Ghost Academy, Command Center  
  186  12:24  Marauder x3  
  192  12:42  Liberator x3  
  177  13:00  Advanced Ballistics  
  168  13:21  Ghost x3  
  168  13:26  Barracks  
  168  13:27  Barracks  
  168  13:29  Barracks  
  168  13:38  Barracks Tech Lab  
  168  13:44  Medivac x2  
  168  13:45  Medivac  
  174  13:49  Ghost  
  174  13:50  Sensor Tower, Marauder  
  174  13:53  Ghost  
  180  14:10  Ghost  
  180  14:11  Ghost  
  180  14:14  Medivac  
  185  14:18  Ghost  
  185  14:22  Ghost  
  186  14:24  Command Center  
  179  14:32  Supply Depot  
  170  14:39  Ghost  
  170  14:40  Ghost  
  170  14:44  Barracks Tech Lab x2  
  171  14:46  Ghost  
  171  14:51  Ghost  
  173  15:05  Orbital Command  
  152  15:23  Ghost x2  
  152  15:24  Ghost  
  158  15:33  Bunker  
Show
View Real Time Build Order
Export as new Build Order

weeaboo Zerg - Winner!

Build Orders: Hatch First 

Get SALT Encoding   

  12  0:01  Drone  
  13  0:13  Overlord  
  13  0:18  Drone  
  14  0:31  Drone x2  
  14  0:35  Drone  
  17  0:53  Hatchery  
  17  0:56  Drone  
  17  0:58  Drone  
  18  1:09  Extractor  
  17  1:13  Spawning Pool  
  17  1:17  Drone  
  17  1:20  Drone  
  18  1:28  Drone  
  19  1:39  Overlord  
  19  1:51  Drone  
  20  2:00  Queen  
  20  2:01  Drone  
  23  2:04  Queen  
  23  2:05  Zergling x2  
  26  2:10  Metabolic Boost  
  26  2:11  Drone  
  27  2:18  Drone  
  27  2:22  Drone  
  29  2:28  Zergling x2  
  29  2:35  Queen  
  29  2:36  Spore Crawler  
  31  2:37  Zergling x2  
  30  2:44  Drone x2  
  30  2:49  Drone  
  34  2:54  Drone  
  35  3:03  Overlord  
  35  3:18  Hatchery  
  34  3:21  Overlord, Queen  
  34  3:22  Drone x3  
  34  3:23  Drone x3  
  34  3:24  Drone  
  43  3:32  Overlord  
  43  3:37  Extractor  
  43  3:40  Drone  
  43  3:41  Drone x2  
  45  3:48  Drone  
  46  3:52  Drone x3  
  46  3:53  Drone  
  46  3:54  Drone x3  
  53  3:57  Extractor  
  53  3:59  Roach Warren  
  51  4:05  Overlord  
  51  4:06  Overlord  
  51  4:15  Drone x2  
  53  4:26  Spore Crawler, Drone x6  
  53  4:27  Spore Crawler  
  53  4:29  Drone  
  58  4:31  Queen  
  58  4:33  Drone  
  58  4:34  Drone  
  62  4:39  Drone  
  62  4:42  Lair  
  62  4:44  Drone  
  64  4:46  Drone  
  65  4:53  Roach x3  
  65  4:59  Drone x2  
  74  5:00  Drone x2  
  74  5:04  Drone  
  74  5:06  Drone, Evolution Chamber  
  76  5:07  Evolution Chamber  
  76  5:10  Roach x2  
  78  5:17  Roach  
  71  5:36  Roach x3  
  71  5:38  Drone x2  
  71  5:39  Drone x3  
  71  5:42  Overlord x2  
  82  5:44  Zerg Melee Weapons Level 1, Zerg Ground Armor Level 1  
  82  5:50  Infestation Pit  
  82  5:51  Overlord x2  
  82  5:53  Pneumatized Carapace  
  82  5:54  Overlord  
  82  5:56  Extractor x2  
  79  6:01  Drone x3  
  79  6:02  Drone x2  
  84  6:05  Zergling x6  
  84  6:08  Spore Crawler  
  86  6:20  Zergling x18  
  86  6:21  Overseer  
  86  6:24  Glial Reconstitution  
  95  6:27  Zergling x2  
  96  6:36  Drone  
  96  6:37  Overlord  
  97  6:43  Drone x2  
  97  6:45  Overlord  
  99  6:52  Overlord x2  
  98  6:54  Drone x4  
  98  7:00  Roach x2  
  98  7:01  Roach  
  108  7:02  Drone x2  
  108  7:03  Drone  
  107  7:08  Roach  
  107  7:09  Roach  
  107  7:16  Drone x3  
  105  7:23  Overlord  
  105  7:25  Roach  
  105  7:26  Hive  
  107  7:30  Drone x2  
  107  7:31  Extractor, Drone x4  
  112  7:40  Overlord  
  112  7:46  Hatchery  
  112  7:49  Overlord  
  111  7:51  Zerg Ground Armor Level 2, Zerg Melee Weapons Level 2  
  111  7:55  Zergling x8  
  111  7:56  Zergling x2  
  111  7:57  Zergling x2  
  117  8:01  Zergling x4  
  119  8:10  Infestor x2  
  119  8:16  Zergling x10  
  124  8:25  Drone x2  
  126  8:35  Zergling x4  
  126  8:38  Queen  
  126  8:39  Overlord  
  130  8:43  Ultralisk Cavern, Adrenal Glands  
  130  8:44  Zergling x10  
  130  8:47  Zergling x2  
  135  8:51  Overlord  
  135  8:56  Ravager x5  
  135  8:58  Zergling x4  
  135  8:59  Zergling x2  
  142  9:08  Queen, Roach x4  
  155  9:10  Roach x2  
  155  9:12  Roach x2  
  153  9:32  Ultralisk  
  153  9:36  Zergling x20  
  165  9:42  Zergling x2  
  165  9:43  Zergling x2  
  148  9:47  Roach x2  
  148  9:52  Ultralisk  
  138  9:55  Ultralisk  
  138  9:58  Zergling x4, Queen  
  143  10:00  Chitinous Plating  
  140  10:08  Drone x6  
  140  10:11  Extractor x2  
  144  10:17  Drone x4  
  148  10:23  Zerg Melee Weapons Level 3, Spire  
  147  10:29  Spore Crawler  
  145  10:35  Drone  
  145  10:40  Spore Crawler  
  145  10:42  Overlord x4, Spore Crawler  
  145  10:45  Zerg Ground Armor Level 3  
  144  10:50  Spore Crawler  
  144  10:51  Overlord  
  144  10:53  Drone x2  
  144  10:54  Drone, Spore Crawler  
  145  10:58  Overlord  
  145  11:00  Drone  
  145  11:01  Drone x2  
  145  11:02  Drone  
  145  11:03  Drone  
  150  11:06  Overlord  
  150  11:10  Drone  
  150  11:11  Drone x2  
  149  11:12  Overlord  
  145  11:21  Ultralisk  
  149  11:29  Zergling x2  
  149  11:31  Queen, Drone x3  
  149  11:46  Corruptor x2, Zerg Flyer Armor Level 1  
  151  11:52  Drone x3  
  151  11:53  Drone x3  
  159  12:05  Viper x2  
  165  12:08  Corruptor  
  165  12:10  Overlord  
  165  12:11  Hatchery  
  166  12:18  Zergling x8  
  166  12:19  Zergling x2  
  166  12:21  Overlord  
  166  12:39  Ultralisk x2  
  175  12:51  Drone x3  
  170  12:53  Hatchery  
  170  12:57  Corruptor x2  
  170  12:58  Corruptor x2  
  177  13:01  Zergling x6  
  181  13:14  Ultralisk  
  181  13:17  Zergling x2  
  181  13:18  Zergling x14  
  195  13:29  Corruptor x2  
  199  14:07  Zergling x2  
  184  14:40  Corruptor x2  
  184  14:41  Corruptor x3  
  184  14:43  Zergling x8  
  184  14:44  Zergling x2  
  192  14:51  Greater Spire  
  192  14:55  Zergling x6  
  192  14:56  Zergling x4  
  197  15:06  Zergling x14  
  199  15:10  Zergling x2  
  199  15:11  Zergling x2  
  199  15:13  Zergling x4  
  199  15:15  Zergling x2  
  200  15:24  Zergling x8  
Tags
 
Add a new tag
Caveats
  • Supply blocks, unpowered buildings, or Contaminate may cause inaccurate times.
  • Supply counts are checked every 10 seconds.